 Dungeon Crawl Stone Soup version 0.30.0-30-g96aa6591b8 (webtiles) character file.

Game seed: 12420913912464336681

3278 uvd540 the Slicer (level 9, 0/82 HPs)
             Began as a Minotaur Berserker on June 27, 2023.
             Was a Priest of Trog.
             Killed from afar by an orc wizard (4 damage)
             ... with a puff of flame
             ... on level 7 of the Dungeon.
             The game lasted 00:45:14 (7289 turns).

uvd540 the Slicer (Minotaur Berserker)              Turns: 7289, Time: 00:45:14

Health: 0/82       AC: 10    Str: 26    XL:     9   Next: 69%
Magic:  0/8        EV: 12    Int:  4    God:    Trog [***...]
Gold:   279        SH:  0    Dex: 16    Spells: 8/8 levels left

rFire   . . .        M - +4 great sword
rCold   . . .        (shield currently unavailable)
rNeg    + . .        g - +0 chain mail
rPois   .            (helmet restricted)
rElec   .            (no cloak)
rCorr   .            (no gloves)
SInv    .            (no boots)
Will    .....        i - amulet of guardian spirit Stlth
                     h - +6 ring of dexterity
HPRegen 0.33/turn    p - ring of positive energy
MPRegen 0.11/turn

%: guardian spirit
@: mighty, lethally poisoned (0 -> -3), about to teleport, hasted, very quick
A: horns 2, retaliatory headbutt, mutation resistance 1
a: Renounce Religion, Berserk, Trog's Hand


You were on level 7 of the Dungeon.
You worshipped Trog.
Trog was most pleased with you.
You visited 1 branch of the dungeon, and saw 7 of its levels.
You also visited: Ossuary.

You collected 279 gold pieces.

Inventory:

Hand Weapons
 a - a +0 short sword
 d - a +2 dagger of protection
 m - a +4 flail of protection
 v - a +2 whip of venom
 w - a +2 spear of flaming
 E - a +2 whip of freezing
 M - a +4 great sword (weapon)
 N - a +5 spear
Missiles
 t - 2 javelins (quivered)
 F - 2 throwing nets
Armour
 b - a +0 animal skin
 g - a +0 chain mail (worn)
 o - an orb of wrath
Jewellery
 h - a +6 ring of dexterity (left hand)
 i - an amulet of guardian spirit (around neck)
 p - a ring of positive energy (right hand)
 x - a ring of magical power
 C - a +6 ring of intelligence
 H - a ring of ice
Wands
 k - a wand of charming (4)
 r - a wand of light (5)
 I - a wand of flame (11)
Scrolls
 c - 3 scrolls of poison
 l - 3 scrolls of enchant armour
 y - 2 scrolls of teleportation
 A - 2 scrolls of enchant weapon
 B - 2 scrolls of fear
 G - a scroll of identify
 J - a scroll of blinking
Potions
 e - 2 potions of brilliance
 f - 2 potions of cancellation
 j - 2 potions of berserk rage
 n - a potion of magic
 q - 2 potions of flight
 z - 4 potions of attraction
 D - 2 potions of ambrosia
 K - 2 potions of mutation


   Skills:
 + Level 8.5 Fighting
 * Level 9.5 Short Blades
 + Level 8.0 Armour
 + Level 7.3 Dodging


You had 8 spell levels left.
You didn't know any spells.
Your spell library was empty.

Dungeon Overview and Level Annotations

Branches:
Dungeon (7/15)            Ossuary (visited)
 Temple: D:4-7

Altars:
Ashenzari
Dithmenos
Qazlal
Vehumet


Innate Abilities, Weirdness & Mutations

You have a pair of horns on your head.
You reflexively headbutt those who attack you in melee.
You are somewhat resistant to further mutation.


Message History

You kill the orc!
Trog accepts your kill. Something hits you but does no damage.
You are more poisoned.
You miss something.
You feel very sick. The ogre hits you with a +0 giant club!
* * * LOW HITPOINT WARNING * * *
You hear some strange, mumbled words.
A puff of flame appears from out of thin air!
The puff of flame hits you.
* * * LOW HITPOINT WARNING * * *
Something hits you but does no damage.
You are more poisoned.
The orc priest closely misses you. You furiously retaliate!
You headbutt the orc priest!!
You kill the orc priest!
Trog accepts your kill.
You feel better. Something hits you but does no damage. Something hits you.
* * * LOW HITPOINT WARNING * * *
The ogre barely misses you. Something hits you.
* * * LOW HITPOINT WARNING * * *
You are poisoned.
You feel sick.
You feel yourself speed up.
You feel sick. Something completely misses you. Something hits you.
A shadow imp comes into view.
Your skin stops crawling.
You feel less strong-willed.
* * * LOW HITPOINT WARNING * * *
You feel sick.
The shadow imp shouts!
As you read the scroll of teleportation, it crumbles to dust.
You feel strangely unstable.
* * * LOW HITPOINT WARNING * * *
You feel sick.
You hear some strange, mumbled words.
A puff of flame appears from out of thin air!
The puff of flame hits you.
You die...

... #.# ...#####.#
.........# .........#
#....... .......).#
#....... .......))#
#.......
......)O.###+######.......
########{{......<.......(.
#....#.@....5...........
#....'..................
#....#..................
#....#..................
######..................
###'####'#####'##..
#...............#..
#...............#..
#...............#..


You could see an ogre and a shadow imp.

Vanquished Creatures
  Pikel (D:5)
  Grinder (D:2)
  Sigmund (D:3)
  A wraith (Ossuary)
  Edmund (D:6)
  2 water moccasins (D:6)
  A black bear (D:6)
  3 ogres
  2 centaurs (D:6)
  4 lemures (D:5)
  A phantom (D:6)
  2 elf zombies (Ossuary)
  Blork the orc (D:5)
  2 scorpions (D:6)
  A bullfrog (D:4)
  3 wights (D:7)
  2 hounds
  4 orc priests
  2 gnoll boudas
  4 iguanas
  5 orc wizards
  4 mummies
  15 gnolls
  9 adders
  A shadow imp (D:5)
  A white imp (D:6)
  4 dart slugs
  15 orcs
  3 bats
  10 endoplasms
  2 giant cockroaches
  6 goblins
  6 hobgoblins
  2 quokkas
  8 ball pythons
  2 frilled lizards (D:3)
  5 goblin zombies
  2 hobgoblin zombies
  6 kobolds
  3 kobold zombies (Ossuary)
  5 rats
153 creatures vanquished.

Vanquished Creatures (others)
  An adder (D:4)
1 creature vanquished.

Grand Total: 154 creatures vanquished

Notes
Turn   | Place    | Note
-------+----------+-------------------------------------------
     0 | D:1      | uvd540 the Minotaur Berserker began the quest for the Orb.
     0 | D:1      | Reached XP level 1. HP: 19/19 MP: 0/0
   280 | D:1      | Reached XP level 2. HP: 27/27 MP: 1/1
   792 | D:2      | Found a faded altar of an unknown god.
   875 | D:2      | Reached XP level 3. HP: 28/33 MP: 2/2
  1095 | D:2      | You fall into a shaft and drop 2 floors!
  1165 | D:4      | Reached skill level 4 in Short Blades
  1165 | D:4      | Reached XP level 4. HP: 40/40 MP: 3/3
  1175 | D:4      | Reached ** piety under Trog
  1322 | D:4      | Reached XP level 5. HP: 34/47 MP: 2/4
  1532 | D:3      | Reached skill level 5 in Fighting
  1788 | D:3      | Noticed Grinder
  1806 | D:3      | Reached XP level 6. HP: 28/56 MP: 5/5
  1918 | D:2      | Paralysed by Grinder for 3 turns
  1926 | D:2      | Killed Grinder
  1927 | D:2      | Reached skill level 5 in Short Blades
  2525 | D:3      | Reached skill level 5 in Armour
  2525 | D:3      | Reached XP level 7. HP: 62/62 MP: 6/6
  2866 | D:3      | Noticed Sigmund
  2877 | D:3      | Killed Sigmund
  3035 | D:4      | Reached skill level 5 in Dodging
  3395 | D:4      | Reached skill level 6 in Short Blades
  4030 | D:5      | Entered Level 5 of the Dungeon
  4109 | D:5      | Found a sand-covered staircase.
  4147 | Ossuary  | Entered an ossuary
  4147 | Ossuary  | Noticed a wraith
  4147 | Ossuary  | Noticed a wraith
  4147 | Ossuary  | Noticed a wraith
  4269 | Ossuary  | Reached XP level 8. HP: 71/71 MP: 7/7
  4529 | Ossuary  | Reached *** piety under Trog
  5101 | D:5      | Reached skill level 7 in Short Blades
  5378 | D:5      | Noticed Pikel
  5460 | D:5      | Killed Pikel
  5514 | D:5      | Noticed Blork the orc
  5527 | D:5      | Killed Blork the orc
  5528 | D:5      | Reached skill level 8 in Short Blades
  5855 | D:5      | Reached XP level 9. HP: 79/79 MP: 8/8
  6179 | D:5      | Gained mutation: You are somewhat resistant to further
                  | mutation. [potion of mutation]
  6325 | D:6      | Found a shadowy altar of Dithmenos.
  6514 | D:6      | Noticed Edmund
  6529 | D:6      | Killed Edmund
  6594 | D:6      | Found a broken altar of Ashenzari.
  6598 | D:6      | Found a radiant altar of Vehumet.
  6598 | D:6      | Found a stormy altar of Qazlal.
  6779 | D:6      | Reached skill level 9 in Short Blades
  7283 | D:7      | HP: 2/82 [something/puff of flame (4)]
  7288 | D:7      | HP: 3/82 [poisoned by an orc wizard]
  7289 | D:7      | Killed from afar by an orc wizard

Illustrated notes

Levels and vault maps discovered:
D:1:      psy_arrival_fountain, layout_basic, minmay_surrounded
D:2:      layout_loops_ring, shapermc_ecumenical_altar_mp_ritualfount,
          roderic_serpentine_path
D:3:      layout_loops_ring, portal_sewer_entry_d, nicolae_grassy_gnolls,
          uniq_sigmund, uniq_grinder
D:4:      layout_loops_ring, minmay_circle_x
D:5:      layout_gridville, nicolae_ossuary_entry_giza, uniq_pikel,
          uniq_blork_the_orc
D:6:      layout_cave_pools, chequers_temple_overflow_statue_of_worship,
          lemuel_coloured_pillars_altar, uniq_edmund
D:7:      layout_gridville, minmay_temple_entry_enclosed_plants, enter_bailey_3,
          mrwooster_statue_mirror, hangedman_minor_gate_pass

Skill      XL: |  1  2  3  4  5  6  7  8  9 |
---------------+----------------------------+-----
Fighting       | 4 5 6 7 8 |  8.5
Armour         | 3 4 5 7 8 |  8.0
Dodging        | 3 4 5 6 7 |  7.3
Short Blades   | 4 5 6 8 9 |  9.5

Action                     |  1- 3 |  4- 6 |  7- 9 || total
---------------------------+-------+-------+-------++-------
  Melee: Short sword       |    74 |    43 |       ||   117
         Headbutt          |    12 |    13 |    65 ||    90
         Dagger            |       |    30 |   327 ||   357
         Great sword       |       |       |    12 ||    12
  Throw: Javelin           |     3 |     6 |    10 ||    19
 Invoke: Berserk           |     2 |     2 |     2 ||     6
         Trog's Hand       |       |     2 |     4 ||     6
  Evoke: Wand              |       |     2 |     2 ||     4
    Use: Potion            |       |     3 |     7 ||    10
         Scroll            |       |     4 |    14 ||    18
 Armour: Chain mail        |    38 |    36 |   128 ||   202
         Animal skin       |     2 |       |       ||     2
  Dodge: Dodged            |    33 |    33 |   155 ||   221
